St.Louis Blues vs Pittsburgh Penguins
Created - Wednesday, August 28, 2024 at 08:11
Goals
|
| St.Louis Blues |
1 |
0 |
1 |
2 |
| Pittsburgh Penguins |
0 |
2 |
1 |
3 |
|
Shots
|
| St.Louis Blues |
23 |
8 |
6 |
37 |
| Pittsburgh Penguins |
9 |
13 |
11 |
33 |
|
1st period
1. St.Louis Blues , Mark Stone 3 (Elias Pettersson 5, Colton Parayko 3) at 15:38
Penalties :
No Penalty
2nd period
2. Pittsburgh Penguins , Sam Reinhart 7 (Leon Draisaitl 6) at 11:17 (SH)
3. Pittsburgh Penguins , Erik Karlsson 2 (Mitchell Marner 9) at 16:53
Penalties :
Blake Coleman (PIT) for Roughing (Minor) at 10:51, Robert Thomas (STL) for Slashing (Minor) at 11:27, Sam Reinhart (PIT) for Tripping (Minor) at 16:58
3rd period
4. Pittsburgh Penguins , Jordan Eberle 2 (Dylan Guenther 3, Jean-Gabriel Pageau 3) at 6:15
5. St.Louis Blues , Jake Guentzel 2 (Jake Sanderson 4, Robert Thomas 6) at 14:50 (PP)
Penalties :
Jaccob Slavin (STL) for High sticking (Minor) at 6:37, Dylan Guenther (PIT) for Boarding (Minor) at 14:35, Elias Lindholm (STL) for High sticking (Minor) at 16:27
Goalie Stats
Connor Hellebuyck (STL), 30 saves from 33 shots - (0.909), L, 5-3-0, 58:57 minutes
Jordan Binnington (PIT), 35 saves from 37 shots - (0.946), W, 7-2-0, 60:00 minutes
Players Stats for St.Louis Blues
Player Name G A P +/- PIM S H SB GA TA FO MP PP MP PK MP
------------------------------------------------------------------------------------
Alex Pietrangelo 0 0 0 -1 0 1 1 1 0 0 0/0 24:57 0:36 0:40
Alex Tuch 0 0 0 0 0 2 0 1 0 0 0/0 13:00 0:36 0:01
Colin Blackwell 0 0 0 0 0 1 0 0 0 0 0/0 8:23 0:00 0:00
Colton Parayko 0 1 1 -1 0 1 1 2 0 1 0/0 25:28 0:00 2:10
Dakota Joshua 0 0 0 0 0 1 4 0 0 0 0/1 11:05 0:00 0:00
Elias Lindholm 0 0 0 -2 2 2 4 1 1 1 4/8 16:42 0:48 1:22
Elias Pettersson 0 1 1 0 0 3 2 1 0 0 0/3 21:29 2:02 0:38
Jaccob Slavin 0 0 0 0 2 0 2 0 0 1 0/0 18:25 0:00 1:45
Jake Guentzel 1 0 1 -3 0 6 1 0 0 1 0/0 16:41 2:02 0:20
Jake Sanderson 0 1 1 -1 0 3 0 0 0 1 0/0 21:02 2:14 2:09
Lars Eller 0 0 0 0 0 3 0 0 0 0 6/11 13:07 0:00 2:00
Logan O'Connor 0 0 0 0 0 1 1 1 0 1 0/1 10:22 0:00 1:59
Mark Stone 1 0 1 1 0 4 1 0 1 0 0/0 17:00 0:48 0:00
Mikhail Sergachev 0 0 0 0 0 1 2 0 0 0 0/0 12:33 0:00 0:00
Nick Leddy 0 0 0 0 0 0 0 1 0 0 0/0 15:09 0:00 2:24
Robert Thomas 0 1 1 0 2 5 1 0 0 0 15/32 19:51 2:01 0:40
Tage Thompson 0 0 0 -2 0 2 3 0 0 0 0/1 15:42 0:48 0:00
Yanni Gourde 0 0 0 -1 0 1 3 0 0 0 1/4 13:04 2:14 2:08
Players Stats for Pittsburgh Penguins
Player Name G A P +/- PIM S H SB GA TA FO MP PP MP PK MP
------------------------------------------------------------------------------------
Blake Coleman 0 0 0 0 2 1 3 0 0 1 0/0 17:54 2:13 0:07
Brian Dumoulin 0 0 0 0 0 1 1 1 0 0 0/0 15:14 0:00 0:00
Brock Faber 0 0 0 0 0 0 1 2 0 0 0/0 21:20 2:32 1:10
Dylan Guenther 0 1 1 1 2 6 0 0 1 0 0/0 15:28 0:08 0:49
Erik Gudbranson 0 0 0 0 0 4 1 0 0 0 0/0 21:20 2:32 1:10
Erik Karlsson 1 0 1 2 0 2 1 0 0 0 0/0 23:26 2:02 1:40
Gabriel Vilardi 0 0 0 0 0 0 0 0 0 0 4/8 8:06 0:00 0:00
Jake Neighbours 0 0 0 0 0 0 1 0 0 0 0/0 8:46 1:43 0:00
James van Riemsdyk 0 0 0 0 0 0 1 0 0 0 0/0 8:06 0:00 0:00
Jean-Gabriel Pageau 0 1 1 1 0 0 1 1 0 0 1/2 14:25 0:02 1:07
Jordan Eberle 1 0 1 1 0 4 0 0 0 0 0/0 15:39 1:09 0:00
Leon Draisaitl 0 1 1 1 0 3 3 0 1 0 18/30 24:46 2:13 1:42
Mark Giordano 0 0 0 0 0 1 0 1 0 0 0/0 15:14 0:00 0:00
Mattias Ekholm 0 0 0 2 0 1 3 1 1 1 0/0 23:26 2:02 1:40
Mitchell Marner 0 1 1 0 0 6 0 0 1 0 2/2 19:25 2:13 1:11
Pavel Buchnevich 0 0 0 0 0 0 0 0 0 0 0/0 7:39 0:00 0:10
Phillip Danault 0 0 0 0 0 2 1 1 2 0 9/16 17:09 1:48 0:00
Sam Reinhart 1 0 1 1 2 2 1 0 0 0 1/3 18:21 2:13 0:34
3 Stars
1 - Jordan Binnington (PIT)
2 - Erik Karlsson (PIT)
3 - Jordan Eberle (PIT)
Power Play
St.Louis Blues - 1 on 3 Attempt(s) - 33.33%
Pittsburgh Penguins - 0 on 3 Attempt(s) - 0.00%
Penalty Kill
St.Louis Blues - 3 on 3 Attempt(s) - 100.00%
- Score 0 goal in Penalty Kill
Pittsburgh Penguins - 2 on 3 Attempt(s) - 66.67%
- Score 1 goal in Penalty Kill
Team Stat
St.Louis Blues - Hits : 26 - Faceoff Wins : 26 - Blocked Shots : 8 - Penalty Minutes : 6
Pittsburgh Penguins - Hits : 18 - Faceoff Wins : 35 - Blocked Shots : 7 - Penalty Minutes : 6
Official
Referees : Jean Hebert and Justin St. Pierre
Linesman : Mitchell Hunt and Ryan Daisy
Game Notes
Pavel Buchnevich is injured at 11:07 of 2nd period (Bruised Left Shoulder)
Finance
Level 1 -- Attendance: 5224 (87.07%) -- Ticket Income $522,400
Level 2 -- Attendance: 4159 (83.18%) -- Ticket Income $249,540
Level 3 -- Attendance: 2325 (77.50%) -- Ticket Income $81,375
Level 4 -- Attendance: 4025 (80.50%) -- Ticket Income $100,625
Luxury Box -- Attendance: 730 (73.00%) -- Ticket Income $146,000
Game was played at the Consol Energy Center.
Total Attendance: 16463 (82.32%)
Total Ticket Income: $1,099,940
Other Income: $384,979
Total Income: $1,484,919
St.Louis Blues
5 vs 5 Forward
Center Left Wing Right Wing Time % Phy DF OF
1 Robert Thomas Elias Pettersson Mark Stone 40 0 2 3
2 Elias Lindholm Jake Guentzel Tage Thompson 30 0 2 3
3 Lars Eller Dakota Joshua Alex Tuch 20 1 2 2
4 Yanni Gourde Logan O'Connor Colin Blackwell 10 1 3 1
5 vs 5 Defense
Defense Defense Time % Phy DF OF
1 Colton Parayko Alex Pietrangelo 45 1 2 2
2 Jake Sanderson Jaccob Slavin 35 1 2 2
3 Nick Leddy Mikhail Sergachev 20 1 2 2
4 Alex Pietrangelo Colton Parayko 0 1 2 2
PowerPlay Forward
Center Left Wing Right Wing Time % Phy DF OF
1 Robert Thomas Elias Pettersson Jake Guentzel 60 1 0 4
2 Elias Lindholm Tage Thompson Mark Stone 40 1 0 4
PowerPlay Defense
Defense Defense Time % Phy DF OF
1 Yanni Gourde Jake Sanderson 60 0 1 4
2 Alex Tuch Alex Pietrangelo 40 0 1 4
Penalty Kill 4 Players Forward
Center Wing Time % Phy DF OF
1 Lars Eller Logan O'Connor 50 1 4 0
2 Elias Lindholm Yanni Gourde 50 1 4 0
Penalty Kill 4 Players Defense
Defense Defense Time % Phy DF OF
1 Jake Sanderson Colton Parayko 50 1 4 0
2 Jaccob Slavin Nick Leddy 50 1 4 0
Penalty Kill - 3 Players Forward
Forward Time % Phy DF OF
1 Elias Lindholm 50 0 5 0
2 Lars Eller 50 0 5 0
Penalty Kill - 3 Players Defense
Defense Defense Time % Phy DF OF
1 Jake Sanderson Colton Parayko 50 0 5 0
2 Nick Leddy Jaccob Slavin 50 0 5 0
4 vs 4 Forward
Center Wing Time % Phy DF OF
1 Elias Lindholm Elias Pettersson 50 0 2 3
2 Robert Thomas Jake Guentzel 50 0 2 3
4 vs 4 Defense
Defense Defense Time % Phy DF OF
1 Alex Pietrangelo Colton Parayko 50 1 2 2
2 Jaccob Slavin Jake Sanderson 50 1 2 2
Last Minutes Offensive
Center Left Wing Right Wing Defense Defense
Robert Thomas Elias Pettersson Jake Guentzel Tage Thompson Jake Sanderson
Last Minutes Defensive
Center Left Wing Right Wing Defense Defense
Lars Eller Logan O'Connor Elias Lindholm Alex Pietrangelo Colton Parayko
Goaltenders
Starting : Connor Hellebuyck
Backup : Scott Wedgewood
Extra Forwards
Normal : Robert Thomas, Jake Guentzel, Tage Thompson - PP : Mark Stone, Dakota Joshua - PK : Robert Thomas
Extra Defensemen
Normal : Jake Sanderson, Jaccob Slavin, Mikhail Sergachev - PP : Mikhail Sergachev - PK : Jaccob Slavin, Alex Pietrangelo
Penalty Shots
Elias Pettersson, Tage Thompson, Alex Tuch, Yanni Gourde, Jake Guentzel
Scratches
Jack Eichel (Healthy), Nico Sturm (Healthy), Adam Pelech (Healthy)
Pittsburgh Penguins
5 vs 5 Forward
Center Left Wing Right Wing Time % Phy DF OF
1 Leon Draisaitl Pavel Buchnevich Sam Reinhart 30 1 2 2
2 Phillip Danault Blake Coleman Mitchell Marner 30 1 2 2
3 Jean-Gabriel Pageau Dylan Guenther Jordan Eberle 25 1 2 2
4 Gabriel Vilardi Leon Draisaitl James van Riemsdyk 15 1 2 2
5 vs 5 Defense
Defense Defense Time % Phy DF OF
1 Mattias Ekholm Erik Karlsson 35 1 2 2
2 Erik Gudbranson Brock Faber 35 1 2 2
3 Mark Giordano Brian Dumoulin 30 1 2 2
4 Mattias Ekholm Erik Karlsson 0 1 2 2
PowerPlay Forward
Center Left Wing Right Wing Time % Phy DF OF
1 Leon Draisaitl Pavel Buchnevich Sam Reinhart 50 1 2 2
2 Phillip Danault Blake Coleman Mitchell Marner 50 1 2 2
PowerPlay Defense
Defense Defense Time % Phy DF OF
1 Mattias Ekholm Erik Karlsson 50 1 2 2
2 Erik Gudbranson Brock Faber 50 1 2 2
Penalty Kill 4 Players Forward
Center Wing Time % Phy DF OF
1 Leon Draisaitl Sam Reinhart 50 1 2 2
2 Mitchell Marner Pavel Buchnevich 50 1 2 2
Penalty Kill 4 Players Defense
Defense Defense Time % Phy DF OF
1 Mattias Ekholm Erik Karlsson 50 1 2 2
2 Erik Gudbranson Brock Faber 50 1 2 2
Penalty Kill - 3 Players Forward
Forward Time % Phy DF OF
1 Leon Draisaitl 50 1 2 2
2 Sam Reinhart 50 1 2 2
Penalty Kill - 3 Players Defense
Defense Defense Time % Phy DF OF
1 Mattias Ekholm Erik Karlsson 50 1 2 2
2 Erik Gudbranson Brock Faber 50 1 2 2
4 vs 4 Forward
Center Wing Time % Phy DF OF
1 Leon Draisaitl Sam Reinhart 50 1 2 2
2 Mitchell Marner Pavel Buchnevich 50 1 2 2
4 vs 4 Defense
Defense Defense Time % Phy DF OF
1 Mattias Ekholm Erik Karlsson 50 1 2 2
2 Erik Gudbranson Brock Faber 50 1 2 2
Last Minutes Offensive
Center Left Wing Right Wing Defense Defense
Leon Draisaitl Pavel Buchnevich Sam Reinhart Mattias Ekholm Erik Karlsson
Last Minutes Defensive
Center Left Wing Right Wing Defense Defense
Leon Draisaitl Pavel Buchnevich Sam Reinhart Mattias Ekholm Erik Karlsson
Goaltenders
Starting : Jordan Binnington
Backup : Marc-Andre Fleury
Extra Forwards
Normal : Jake Neighbours, Jordan Eberle, Jean-Gabriel Pageau - PP : Jake Neighbours, Jordan Eberle - PK : Jean-Gabriel Pageau
Extra Defensemen
Normal : Mark Giordano, Brian Dumoulin, Erik Gudbranson - PP : Mark Giordano - PK : Brian Dumoulin, Erik Gudbranson
Penalty Shots
Leon Draisaitl, Sam Reinhart, Mitchell Marner, Pavel Buchnevich, Blake Coleman
Scratches
None
% Time on Ice - St.Louis Blues
Lines # - Real PCT - Wanted PCT - Time Play
Normal Forward
1 - 32% - 40% - 16:13
2 - 29% - 30% - 14:21
3 - 22% - 20% - 11:05
4 - 17% - 10% - 8:23
Normal Defense
1 - 43% - 45% - 21:21
2 - 33% - 35% - 16:26
3 - 24% - 20% - 12:15
4 - 0% - 0% - 0:00
PP Forward
1 - 72% - 60% - 2:02
2 - 28% - 40% - 0:48
PP Defense
1 - 79% - 60% - 2:14
2 - 21% - 40% - 0:36
PK Forward
1 - 43% - 50% - 1:59
2 - 57% - 50% - 2:35
PK Defense
1 - 47% - 50% - 2:10
2 - 53% - 50% - 2:24
PK3 Forward
1 - 0% - 50%
2 - 0% - 50%
PK3 Defense
1 - 0% - 50%
2 - 0% - 50%
44 Forward
1 - 37% - 50% - 0:31
2 - 63% - 50% - 0:52
44 Defense
1 - 57% - 50% - 0:47
2 - 43% - 50% - 0:36
Last Minute Offensive - 1:11
Last Minute Defensive - 0:00
Total
Forward - 60:00
Defense - 60:00
|
% Time on Ice - Pittsburgh Penguins
Lines # - Real PCT - Wanted PCT - Time Play
Normal Forward
1 - 28% - 30% - 13:47
2 - 31% - 30% - 15:25
3 - 25% - 25% - 12:41
4 - 16% - 15% - 8:06
Normal Defense
1 - 35% - 35% - 17:21
2 - 35% - 35% - 17:30
3 - 30% - 30% - 15:08
4 - 0% - 0% - 0:00
PP Forward
1 - 51% - 50% - 2:21
2 - 49% - 50% - 2:13
PP Defense
1 - 45% - 50% - 2:02
2 - 55% - 50% - 2:32
PK Forward
1 - 54% - 50% - 1:32
2 - 46% - 50% - 1:18
PK Defense
1 - 59% - 50% - 1:40
2 - 41% - 50% - 1:10
PK3 Forward
1 - 0% - 50%
2 - 0% - 50%
PK3 Defense
1 - 0% - 50%
2 - 0% - 50%
44 Forward
1 - 52% - 50% - 0:43
2 - 48% - 50% - 0:40
44 Defense
1 - 90% - 50% - 1:15
2 - 10% - 50% - 0:08
Last Minute Offensive - 0:00
Last Minute Defensive - 1:14
Total
Forward - 60:00
Defense - 60:00
|
Play-by-Play
1st period
0:01 of 1st period - Leon Draisaitl wins face-off versus Robert Thomas in neutral zone.
0:43 of 1st period - Blake Coleman is hit by Elias Lindholm and loses puck.
0:56 of 1st period - Dakota Joshua is hit by Mattias Ekholm and loses puck.
1:03 of 1st period - Wrist shot by Blake Coleman.
1:03 of 1st period - Deflect By Alex Tuch.
1:03 of 1st period - Shot Blocked by Alex Pietrangelo.
1:03 of 1st period - Puck is out of play.
1:04 of 1st period - Yanni Gourde wins face-off versus Jean-Gabriel Pageau in St.Louis Blues zone.
1:13 of 1st period - Slapshot by Yanni Gourde.
1:13 of 1st period - Shot Misses the Net.
1:23 of 1st period - Yanni Gourde is hit by Erik Gudbranson.
1:27 of 1st period - Jake Sanderson is hit by Jean-Gabriel Pageau.
1:37 of 1st period - Erik Gudbranson is hit by Mikhail Sergachev and loses puck.
1:46 of 1st period - Wrist shot by Elias Lindholm.
1:46 of 1st period - Shot Misses the Net.
2:02 of 1st period - Wrist shot by Leon Draisaitl.
2:02 of 1st period - Stopped by Connor Hellebuyck with a rebound.
2:04 of 1st period - Snap shot by Leon Draisaitl.
2:04 of 1st period - Stopped by Connor Hellebuyck with a rebound.
2:06 of 1st period - Snap shot by Erik Gudbranson.
2:06 of 1st period - Stopped by Connor Hellebuyck without a rebound.
2:07 of 1st period - Robert Thomas wins face-off versus Leon Draisaitl in St.Louis Blues zone.
2:20 of 1st period - Snap shot by Elias Pettersson.
2:20 of 1st period - Stopped by Jordan Binnington without a rebound.
2:21 of 1st period - Lars Eller wins face-off versus Gabriel Vilardi in Pittsburgh Penguins zone.
2:28 of 1st period - Wrist shot by Alex Tuch.
2:28 of 1st period - Stopped by Jordan Binnington without a rebound.
2:29 of 1st period - Lars Eller wins face-off versus Gabriel Vilardi in Pittsburgh Penguins zone.
2:56 of 1st period - Snap shot by Robert Thomas.
2:56 of 1st period - Stopped by Jordan Binnington with a rebound.
2:58 of 1st period - Slapshot by Mark Stone.
2:58 of 1st period - Shot Misses the Net.
3:00 of 1st period - Snap shot by Robert Thomas.
3:00 of 1st period - Stopped by Jordan Binnington without a rebound.
3:01 of 1st period - Leon Draisaitl wins face-off versus Elias Lindholm in Pittsburgh Penguins zone.
4:27 of 1st period - Logan O'Connor is hit by Mattias Ekholm and loses puck.
4:52 of 1st period - Slapshot by Logan O'Connor.
4:52 of 1st period - Stopped by Jordan Binnington with a rebound.
4:54 of 1st period - Slapshot by Mikhail Sergachev.
4:54 of 1st period - Stopped by Jordan Binnington without a rebound.
4:55 of 1st period - Robert Thomas wins face-off versus Leon Draisaitl in Pittsburgh Penguins zone.
5:30 of 1st period - Wrist shot by Blake Coleman.
5:30 of 1st period - Shot Misses the Net.
5:32 of 1st period - Slapshot by Erik Gudbranson.
5:32 of 1st period - Deflect By Mitchell Marner.
5:32 of 1st period - Shot Misses the Net.
5:32 of 1st period - Puck is out of play.
5:33 of 1st period - Leon Draisaitl wins face-off versus Lars Eller in St.Louis Blues zone.
5:42 of 1st period - Erik Gudbranson is hit by Dakota Joshua and loses puck.
5:59 of 1st period - Brock Faber is hit by Mark Stone.
6:25 of 1st period - Slapshot by Jean-Gabriel Pageau.
6:25 of 1st period - Shot Misses the Net.
7:07 of 1st period - Snap shot by Blake Coleman.
7:07 of 1st period - Shot Misses the Net.
7:40 of 1st period - Snap shot by Jake Guentzel.
7:40 of 1st period - Stopped by Jordan Binnington with a rebound.
7:42 of 1st period - Slapshot by Jake Sanderson.
7:42 of 1st period - Stopped by Jordan Binnington with a rebound.
7:44 of 1st period - Wrist shot by Elias Lindholm.
7:44 of 1st period - Stopped by Jordan Binnington with a rebound.
7:46 of 1st period - Snap shot by Elias Lindholm.
7:46 of 1st period - Stopped by Jordan Binnington without a rebound.
7:47 of 1st period - Phillip Danault wins face-off versus Elias Lindholm in Pittsburgh Penguins zone.
8:14 of 1st period - Pavel Buchnevich is hit by Mikhail Sergachev and loses puck.
8:41 of 1st period - Wrist shot by Dylan Guenther.
8:41 of 1st period - Stopped by Connor Hellebuyck with a rebound.
8:43 of 1st period - Backhand shot by Dylan Guenther.
8:43 of 1st period - Stopped by Connor Hellebuyck without a rebound.
8:44 of 1st period - Elias Lindholm wins face-off versus Leon Draisaitl in St.Louis Blues zone.
9:03 of 1st period - Brian Dumoulin is hit by Tage Thompson and loses puck.
9:24 of 1st period - Snap shot by Lars Eller.
9:24 of 1st period - Shot Misses the Net.
9:26 of 1st period - Snap shot by Alex Tuch.
9:26 of 1st period - Shot Blocked by Brian Dumoulin.
9:40 of 1st period - Snap shot by Mark Stone.
9:40 of 1st period - Shot Blocked by Mark Giordano.
10:00 of 1st period - Wrist shot by Jordan Eberle.
10:00 of 1st period - Stopped by Connor Hellebuyck with a rebound.
10:02 of 1st period - Slapshot by Jean-Gabriel Pageau.
10:02 of 1st period - Shot Misses the Net.
10:04 of 1st period - Slapshot by Mark Giordano.
10:04 of 1st period - Shot Misses the Net.
10:20 of 1st period - Slapshot by Elias Lindholm.
10:20 of 1st period - Shot Hit the Post.
10:22 of 1st period - Snap shot by Tage Thompson.
10:22 of 1st period - Stopped by Jordan Binnington with a rebound.
10:31 of 1st period - Icing by Leon Draisaitl.
10:32 of 1st period - Gabriel Vilardi wins face-off versus Elias Pettersson in Pittsburgh Penguins zone.
11:09 of 1st period - Wrist shot by Dylan Guenther.
11:09 of 1st period - Shot Misses the Net.
11:50 of 1st period - Snap shot by Dylan Guenther.
11:50 of 1st period - Stopped by Connor Hellebuyck with a rebound.
12:07 of 1st period - Icing by Jordan Eberle.
12:08 of 1st period - Lars Eller wins face-off versus Phillip Danault in Pittsburgh Penguins zone.
12:15 of 1st period - Snap shot by Alex Tuch.
12:15 of 1st period - Shot Misses the Net.
12:17 of 1st period - Snap shot by Jaccob Slavin.
12:17 of 1st period - Shot Blocked by Brock Faber.
12:21 of 1st period - Wrist shot by Alex Tuch.
12:21 of 1st period - Shot Misses the Net.
12:23 of 1st period - Slapshot by Lars Eller.
12:23 of 1st period - Stopped by Jordan Binnington with a rebound.
12:44 of 1st period - Slapshot by Robert Thomas.
12:44 of 1st period - Stopped by Jordan Binnington without a rebound.
12:45 of 1st period - Elias Lindholm wins face-off versus Phillip Danault in Pittsburgh Penguins zone.
12:46 of 1st period - Snap shot by Jake Guentzel.
12:46 of 1st period - Shot Misses the Net.
12:48 of 1st period - Snap shot by Jake Guentzel.
12:48 of 1st period - Stopped by Jordan Binnington with a rebound.
12:50 of 1st period - Wrist shot by Elias Lindholm.
12:50 of 1st period - Deflect By Jake Guentzel.
12:50 of 1st period - Shot Misses the Net.
12:50 of 1st period - Puck is out of play.
12:51 of 1st period - Elias Lindholm wins face-off versus Phillip Danault in Pittsburgh Penguins zone.
12:56 of 1st period - Snap shot by Jake Guentzel.
12:56 of 1st period - Stopped by Jordan Binnington with a rebound.
12:58 of 1st period - Slapshot by Alex Pietrangelo.
12:58 of 1st period - Stopped by Jordan Binnington with a rebound.
13:00 of 1st period - Snap shot by Jake Guentzel.
13:00 of 1st period - Stopped by Jordan Binnington without a rebound.
13:01 of 1st period - Leon Draisaitl wins face-off versus Robert Thomas in Pittsburgh Penguins zone.
13:27 of 1st period - Blake Coleman is hit by Elias Lindholm.
13:43 of 1st period - Colton Parayko is hit by Brian Dumoulin and loses puck.
14:04 of 1st period - Snap shot by Dakota Joshua.
14:04 of 1st period - Stopped by Jordan Binnington without a rebound.
14:05 of 1st period - Robert Thomas wins face-off versus Leon Draisaitl in Pittsburgh Penguins zone.
14:06 of 1st period - Snap shot by Elias Pettersson.
14:06 of 1st period - Shot Misses the Net.
14:10 of 1st period - Wrist shot by Mark Stone.
14:10 of 1st period - Stopped by Jordan Binnington without a rebound.
14:11 of 1st period - Robert Thomas wins face-off versus Sam Reinhart in Pittsburgh Penguins zone.
15:04 of 1st period - Snap shot by Jordan Eberle.
15:04 of 1st period - Stopped by Connor Hellebuyck with a rebound.
15:06 of 1st period - Wrist shot by Dylan Guenther.
15:06 of 1st period - Stopped by Connor Hellebuyck without a rebound.
15:07 of 1st period - Leon Draisaitl wins face-off versus Robert Thomas in St.Louis Blues zone.
15:24 of 1st period - Icing by Alex Pietrangelo.
15:25 of 1st period - Robert Thomas wins face-off versus Phillip Danault in St.Louis Blues zone.
15:30 of 1st period - Wrist shot by Elias Pettersson.
15:30 of 1st period - Shot Blocked by Phillip Danault.
15:32 of 1st period - Snap shot by Colton Parayko.
15:32 of 1st period - Stopped by Jordan Binnington with a rebound.
15:34 of 1st period - Slapshot by Elias Pettersson.
15:34 of 1st period - Shot Blocked by Brock Faber.
15:36 of 1st period - Wrist shot by Mark Stone.
15:36 of 1st period - Stopped by Jordan Binnington with a rebound.
15:38 of 1st period - Slapshot by Mark Stone.
15:38 of 1st period - Goal by Mark Stone - St.Louis Blues : 1 - Pittsburgh Penguins : 0.
15:39 of 1st period - Gabriel Vilardi wins face-off versus Robert Thomas in neutral zone.
16:27 of 1st period - Icing by Tage Thompson.
16:28 of 1st period - Jean-Gabriel Pageau wins face-off versus Lars Eller in St.Louis Blues zone.
17:40 of 1st period - Snap shot by Jordan Eberle.
17:40 of 1st period - Shot Blocked by Nick Leddy.
17:43 of 1st period - Icing by Logan O'Connor.
17:44 of 1st period - Leon Draisaitl wins face-off versus Yanni Gourde in St.Louis Blues zone.
19:07 of 1st period - Snap shot by Colin Blackwell.
19:07 of 1st period - Stopped by Jordan Binnington without a rebound.
19:08 of 1st period - Gabriel Vilardi wins face-off versus Robert Thomas in Pittsburgh Penguins zone.
19:13 of 1st period - Robert Thomas is hit by James van Riemsdyk and loses puck.
19:57 of 1st period - Leon Draisaitl is hit by Dakota Joshua and loses puck.
Goals for this period are 1 for St.Louis Blues vs 0 for Pittsburgh Penguins.
Shots for this period are 23 for St.Louis Blues vs 9 for Pittsburgh Penguins.
2nd period
0:01 of 2nd period - Robert Thomas wins face-off versus Sam Reinhart in neutral zone.
0:54 of 2nd period - Snap shot by Dylan Guenther.
0:54 of 2nd period - Stopped by Connor Hellebuyck without a rebound.
0:55 of 2nd period - Sam Reinhart wins face-off versus Robert Thomas in St.Louis Blues zone.
0:56 of 2nd period - Snap shot by Leon Draisaitl.
0:56 of 2nd period - Shot Misses the Net.
1:08 of 2nd period - Snap shot by Robert Thomas.
1:08 of 2nd period - Shot Misses the Net.
1:10 of 2nd period - Snap shot by Robert Thomas.
1:10 of 2nd period - Shot Hit the Post.
1:12 of 2nd period - Wrist shot by Elias Pettersson.
1:12 of 2nd period - Stopped by Jordan Binnington with a rebound.
1:22 of 2nd period - Tage Thompson is hit by Mattias Ekholm and loses puck.
1:29 of 2nd period - Wrist shot by Phillip Danault.
1:29 of 2nd period - Shot Misses the Net.
1:31 of 2nd period - Slapshot by Mark Giordano.
1:31 of 2nd period - Shot Blocked by Colton Parayko.
1:33 of 2nd period - Slapshot by Brian Dumoulin.
1:33 of 2nd period - Stopped by Connor Hellebuyck with a rebound.
2:03 of 2nd period - James van Riemsdyk is hit by Yanni Gourde and loses puck.
2:16 of 2nd period - Slapshot by Yanni Gourde.
2:16 of 2nd period - Stopped by Jordan Binnington with a rebound.
2:32 of 2nd period - Wrist shot by Phillip Danault.
2:32 of 2nd period - Stopped by Connor Hellebuyck without a rebound.
2:33 of 2nd period - Phillip Danault wins face-off versus Robert Thomas in St.Louis Blues zone.
3:13 of 2nd period - Wrist shot by Mitchell Marner.
3:13 of 2nd period - Stopped by Connor Hellebuyck without a rebound.
3:14 of 2nd period - Leon Draisaitl wins face-off versus Robert Thomas in St.Louis Blues zone.
3:17 of 2nd period - Snap shot by Pavel Buchnevich.
3:17 of 2nd period - Shot Blocked by Elias Pettersson.
4:03 of 2nd period - Icing by Tage Thompson.
4:04 of 2nd period - Lars Eller wins face-off versus Gabriel Vilardi in St.Louis Blues zone.
4:04 of 2nd period - Lars Eller is hit by Leon Draisaitl.
4:13 of 2nd period - Off-side.
4:14 of 2nd period - Robert Thomas wins face-off versus Phillip Danault in neutral zone.
4:41 of 2nd period - Erik Karlsson is hit by Jaccob Slavin and loses puck.
4:48 of 2nd period - Slapshot by Mattias Ekholm.
4:48 of 2nd period - Stopped by Connor Hellebuyck with a rebound.
5:21 of 2nd period - Gabriel Vilardi is hit by Yanni Gourde and loses puck.
5:34 of 2nd period - Wrist shot by Yanni Gourde.
5:34 of 2nd period - Shot Misses the Net.
7:03 of 2nd period - Pavel Buchnevich is hit by Logan O'Connor and loses puck.
8:01 of 2nd period - Erik Gudbranson is hit by Dakota Joshua and loses puck.
8:13 of 2nd period - Icing by Gabriel Vilardi.
8:14 of 2nd period - Robert Thomas wins face-off versus Gabriel Vilardi in Pittsburgh Penguins zone.
8:17 of 2nd period - Snap shot by Elias Pettersson.
8:17 of 2nd period - Shot Misses the Net.
8:23 of 2nd period - Wrist shot by Leon Draisaitl.
8:23 of 2nd period - Shot Misses the Net.
8:25 of 2nd period - Slapshot by Erik Gudbranson.
8:25 of 2nd period - Stopped by Connor Hellebuyck with a rebound.
8:27 of 2nd period - Wrist shot by Gabriel Vilardi.
8:27 of 2nd period - Shot Misses the Net.
8:29 of 2nd period - Backhand shot by Leon Draisaitl.
8:29 of 2nd period - Stopped by Connor Hellebuyck without a rebound.
8:30 of 2nd period - Phillip Danault wins face-off versus Tage Thompson in St.Louis Blues zone.
8:47 of 2nd period - Wrist shot by Jake Guentzel.
8:47 of 2nd period - Deflect By Tage Thompson.
8:47 of 2nd period - Stopped by Jordan Binnington with a rebound.
9:28 of 2nd period - Pavel Buchnevich is hit by Alex Pietrangelo.
10:42 of 2nd period - Colin Blackwell is hit by Blake Coleman and loses puck.
10:51 of 2nd period - Minor Penalty to Blake Coleman for Roughing.
10:52 of 2nd period - Leon Draisaitl wins face-off versus Robert Thomas in Pittsburgh Penguins zone.
10:52 of 2nd period - Leon Draisaitl is hit by Yanni Gourde.
11:06 of 2nd period - Pavel Buchnevich is hit by Robert Thomas and loses puck.
11:07 of 2nd period - Pavel Buchnevich from Pittsburgh Penguins is injured at 11:07 of 2nd period (Bruised Left Shoulder).
11:08 of 2nd period - Leon Draisaitl wins face-off versus Robert Thomas in Pittsburgh Penguins zone.
11:17 of 2nd period - Wrist shot by Sam Reinhart.
11:17 of 2nd period - Goal by Sam Reinhart - St.Louis Blues : 1 - Pittsburgh Penguins : 1.
11:18 of 2nd period - Mitchell Marner wins face-off versus Elias Pettersson in neutral zone.
11:27 of 2nd period - Minor Penalty to Robert Thomas for Slashing.
11:28 of 2nd period - Elias Lindholm wins face-off versus Leon Draisaitl in St.Louis Blues zone.
11:55 of 2nd period - Sam Reinhart is hit by Colton Parayko and loses puck.
12:00 of 2nd period - Wrist shot by Jake Guentzel.
12:00 of 2nd period - Stopped by Jordan Binnington with a rebound.
12:51 of 2nd period - Penalty to Blake Coleman is over, Blake Coleman is back on ice.
12:57 of 2nd period - Slapshot by Lars Eller.
12:57 of 2nd period - Stopped by Jordan Binnington with a rebound.
13:13 of 2nd period - Wrist shot by Jordan Eberle.
13:13 of 2nd period - Deflect By Mitchell Marner.
13:13 of 2nd period - Stopped by Connor Hellebuyck with a rebound.
13:15 of 2nd period - Slapshot by Erik Gudbranson.
13:15 of 2nd period - Stopped by Connor Hellebuyck without a rebound.
13:16 of 2nd period - Leon Draisaitl wins face-off versus Elias Lindholm in St.Louis Blues zone.
13:27 of 2nd period - Penalty to Robert Thomas is over, Robert Thomas is back on ice.
13:32 of 2nd period - Jake Sanderson is hit by Leon Draisaitl.
14:12 of 2nd period - Elias Pettersson is hit by Leon Draisaitl and loses puck.
14:23 of 2nd period - Jean-Gabriel Pageau is hit by Tage Thompson.
14:39 of 2nd period - Snap shot by Yanni Gourde.
14:39 of 2nd period - Shot Blocked by Mattias Ekholm.
15:15 of 2nd period - Snap shot by Alex Tuch.
15:15 of 2nd period - Deflect By Lars Eller.
15:15 of 2nd period - Shot Misses the Net.
15:15 of 2nd period - Puck is out of play.
15:16 of 2nd period - Lars Eller wins face-off versus Leon Draisaitl in Pittsburgh Penguins zone.
15:25 of 2nd period - Slapshot by Jake Sanderson.
15:25 of 2nd period - Stopped by Jordan Binnington with a rebound.
15:41 of 2nd period - Snap shot by Dakota Joshua.
15:41 of 2nd period - Deflect By Mark Stone.
15:41 of 2nd period - Stopped by Jordan Binnington with a rebound.
15:43 of 2nd period - Slapshot by Mikhail Sergachev.
15:43 of 2nd period - Shot Blocked by Jean-Gabriel Pageau.
16:15 of 2nd period - Off-side.
16:16 of 2nd period - Phillip Danault wins face-off versus Yanni Gourde in neutral zone.
16:21 of 2nd period - Slapshot by Blake Coleman.
16:21 of 2nd period - Stopped by Connor Hellebuyck without a rebound.
16:22 of 2nd period - Leon Draisaitl wins face-off versus Robert Thomas in St.Louis Blues zone.
16:23 of 2nd period - Wrist shot by Sam Reinhart.
16:23 of 2nd period - Stopped by Connor Hellebuyck without a rebound.
16:24 of 2nd period - Leon Draisaitl wins face-off versus Elias Pettersson in St.Louis Blues zone.
16:51 of 2nd period - Wrist shot by Mitchell Marner.
16:51 of 2nd period - Shot Misses the Net.
16:53 of 2nd period - Slapshot by Erik Karlsson.
16:53 of 2nd period - Deflect By Alex Pietrangelo.
16:53 of 2nd period - Goal by Erik Karlsson - St.Louis Blues : 1 - Pittsburgh Penguins : 2.
16:54 of 2nd period - Robert Thomas wins face-off versus Leon Draisaitl in neutral zone.
16:58 of 2nd period - Minor Penalty to Sam Reinhart for Tripping.
16:59 of 2nd period - Mitchell Marner wins face-off versus Robert Thomas in Pittsburgh Penguins zone.
17:13 of 2nd period - Snap shot by Elias Pettersson.
17:13 of 2nd period - Stopped by Jordan Binnington without a rebound.
17:14 of 2nd period - Robert Thomas wins face-off versus Leon Draisaitl in Pittsburgh Penguins zone.
18:58 of 2nd period - Penalty to Sam Reinhart is over, Sam Reinhart is back on ice.
19:55 of 2nd period - Icing by Dylan Guenther.
19:56 of 2nd period - Leon Draisaitl wins face-off versus Yanni Gourde in Pittsburgh Penguins zone.
Goals for this period are 0 for St.Louis Blues vs 2 for Pittsburgh Penguins.
Shots for this period are 8 for St.Louis Blues vs 13 for Pittsburgh Penguins.
3rd period
0:01 of 3rd period - Leon Draisaitl wins face-off versus Robert Thomas in neutral zone.
0:11 of 3rd period - Erik Gudbranson is hit by Elias Pettersson and loses puck.
0:32 of 3rd period - Snap shot by Dakota Joshua.
0:32 of 3rd period - Deflect By Lars Eller.
0:32 of 3rd period - Stopped by Jordan Binnington without a rebound.
0:33 of 3rd period - Lars Eller wins face-off versus Phillip Danault in Pittsburgh Penguins zone.
1:12 of 3rd period - Blake Coleman is hit by Dakota Joshua and loses puck.
1:30 of 3rd period - Snap shot by Mitchell Marner.
1:30 of 3rd period - Shot Misses the Net.
1:38 of 3rd period - Wrist shot by Mitchell Marner.
1:38 of 3rd period - Shot Blocked by Alex Tuch.
1:40 of 3rd period - Wrist shot by Phillip Danault.
1:40 of 3rd period - Stopped by Connor Hellebuyck without a rebound.
1:41 of 3rd period - Robert Thomas wins face-off versus Leon Draisaitl in St.Louis Blues zone.
2:17 of 3rd period - Dylan Guenther is hit by Tage Thompson and loses puck.
3:25 of 3rd period - James van Riemsdyk is hit by Elias Pettersson and loses puck.
3:49 of 3rd period - Snap shot by Gabriel Vilardi.
3:49 of 3rd period - Shot Misses the Net.
3:51 of 3rd period - Slapshot by Mattias Ekholm.
3:51 of 3rd period - Deflect By James van Riemsdyk.
3:51 of 3rd period - Shot Misses the Net.
3:51 of 3rd period - Puck is out of play.
3:52 of 3rd period - Phillip Danault wins face-off versus Dakota Joshua in St.Louis Blues zone.
3:55 of 3rd period - Slapshot by Phillip Danault.
3:55 of 3rd period - Shot Hit the Post.
3:57 of 3rd period - Slapshot by Erik Gudbranson.
3:57 of 3rd period - Stopped by Connor Hellebuyck without a rebound.
3:58 of 3rd period - Phillip Danault wins face-off versus Lars Eller in St.Louis Blues zone.
4:31 of 3rd period - Snap shot by Sam Reinhart.
4:31 of 3rd period - Shot Misses the Net.
5:27 of 3rd period - Icing by Brian Dumoulin.
5:28 of 3rd period - Gabriel Vilardi wins face-off versus Logan O'Connor in Pittsburgh Penguins zone.
5:33 of 3rd period - Wrist shot by Gabriel Vilardi.
5:33 of 3rd period - Shot Blocked by Colton Parayko.
5:35 of 3rd period - Wrist shot by Leon Draisaitl.
5:35 of 3rd period - Shot Misses the Net.
5:37 of 3rd period - Wrist shot by Mark Giordano.
5:37 of 3rd period - Stopped by Connor Hellebuyck without a rebound.
5:38 of 3rd period - Leon Draisaitl wins face-off versus Robert Thomas in St.Louis Blues zone.
5:51 of 3rd period - Wrist shot by Sam Reinhart.
5:51 of 3rd period - Shot Misses the Net.
6:11 of 3rd period - Snap shot by Dylan Guenther.
6:11 of 3rd period - Shot Misses the Net.
6:13 of 3rd period - Wrist shot by Jordan Eberle.
6:13 of 3rd period - Stopped by Connor Hellebuyck with a rebound.
6:15 of 3rd period - Slapshot by Jordan Eberle.
6:15 of 3rd period - Goal by Jordan Eberle - St.Louis Blues : 1 - Pittsburgh Penguins : 3.
6:16 of 3rd period - Leon Draisaitl wins face-off versus Robert Thomas in neutral zone.
6:37 of 3rd period - Minor Penalty to Jaccob Slavin for High sticking.
6:38 of 3rd period - Leon Draisaitl wins face-off versus Elias Lindholm in St.Louis Blues zone.
7:08 of 3rd period - Snap shot by Phillip Danault.
7:08 of 3rd period - Shot Misses the Net.
7:10 of 3rd period - Snap shot by Mitchell Marner.
7:10 of 3rd period - Stopped by Connor Hellebuyck without a rebound.
7:11 of 3rd period - Phillip Danault wins face-off versus Lars Eller in St.Louis Blues zone.
7:59 of 3rd period - Slapshot by Brock Faber.
7:59 of 3rd period - Shot Blocked by Elias Lindholm.
8:37 of 3rd period - Penalty to Jaccob Slavin is over, Jaccob Slavin is back on ice.
8:55 of 3rd period - Jordan Eberle is hit by Elias Lindholm and loses puck.
10:14 of 3rd period - Snap shot by Robert Thomas.
10:14 of 3rd period - Stopped by Jordan Binnington with a rebound.
10:16 of 3rd period - Slapshot by Robert Thomas.
10:16 of 3rd period - Stopped by Jordan Binnington with a rebound.
10:44 of 3rd period - Snap shot by Dylan Guenther.
10:44 of 3rd period - Stopped by Connor Hellebuyck with a rebound.
11:08 of 3rd period - Snap shot by Alex Tuch.
11:08 of 3rd period - Deflect By Sam Reinhart.
11:08 of 3rd period - Stopped by Jordan Binnington without a rebound.
11:09 of 3rd period - Phillip Danault wins face-off versus Robert Thomas in Pittsburgh Penguins zone.
11:16 of 3rd period - Jake Sanderson is hit by Blake Coleman and loses puck.
11:21 of 3rd period - Wrist shot by Mitchell Marner.
11:21 of 3rd period - Stopped by Connor Hellebuyck with a rebound.
11:23 of 3rd period - Snap shot by Mitchell Marner.
11:23 of 3rd period - Stopped by Connor Hellebuyck with a rebound.
11:25 of 3rd period - Snap shot by Blake Coleman.
11:25 of 3rd period - Shot Misses the Net.
11:35 of 3rd period - James van Riemsdyk is hit by Jake Guentzel and loses puck.
12:01 of 3rd period - Mikhail Sergachev is hit by Phillip Danault and loses puck.
12:26 of 3rd period - Erik Gudbranson is hit by Elias Lindholm and loses puck.
12:39 of 3rd period - Dakota Joshua is hit by Brock Faber and loses puck.
13:48 of 3rd period - Off-side.
13:49 of 3rd period - Phillip Danault wins face-off versus Robert Thomas in neutral zone.
13:52 of 3rd period - Slapshot by Mitchell Marner.
13:52 of 3rd period - Stopped by Connor Hellebuyck without a rebound.
13:53 of 3rd period - Robert Thomas wins face-off versus Phillip Danault in St.Louis Blues zone.
14:35 of 3rd period - Minor Penalty to Dylan Guenther for Boarding.
14:36 of 3rd period - Robert Thomas wins face-off versus Leon Draisaitl in Pittsburgh Penguins zone.
14:44 of 3rd period - Off-side.
14:45 of 3rd period - Robert Thomas wins face-off versus Leon Draisaitl in neutral zone.
14:48 of 3rd period - Slapshot by Jake Sanderson.
14:48 of 3rd period - Deflect By Erik Karlsson.
14:48 of 3rd period - Stopped by Jordan Binnington with a rebound.
14:50 of 3rd period - Wrist shot by Jake Guentzel.
14:50 of 3rd period - Goal by Jake Guentzel - St.Louis Blues : 2 - Pittsburgh Penguins : 3.
14:51 of 3rd period - Robert Thomas wins face-off versus Leon Draisaitl in neutral zone.
15:26 of 3rd period - Slapshot by Erik Karlsson.
15:26 of 3rd period - Stopped by Connor Hellebuyck with a rebound.
15:38 of 3rd period - Phillip Danault is hit by Jaccob Slavin and loses puck.
15:59 of 3rd period - Mark Stone is hit by Sam Reinhart and loses puck.
16:27 of 3rd period - Minor Penalty to Elias Lindholm for High sticking.
16:28 of 3rd period - Leon Draisaitl wins face-off versus Lars Eller in St.Louis Blues zone.
16:28 of 3rd period - Wrist shot by Sam Reinhart.
16:28 of 3rd period - Shot Blocked by Logan O'Connor.
16:54 of 3rd period - Nick Leddy is hit by Blake Coleman and loses puck.
17:29 of 3rd period - Yanni Gourde is hit by Erik Karlsson and loses puck.
18:27 of 3rd period - Penalty to Elias Lindholm is over, Elias Lindholm is back on ice.
18:35 of 3rd period - Colton Parayko is hit by Jake Neighbours and loses puck.
18:57 of 3rd period - St.Louis Blues, Connor Hellebuyck is pulled from the net.
Goals for this period are 1 for St.Louis Blues vs 1 for Pittsburgh Penguins.
Shots for this period are 6 for St.Louis Blues vs 11 for Pittsburgh Penguins.
Back to the Top